 Dungeon Crawl Stone Soup version 0.25.1-2-g60ff931df9 (webtiles) character file.

Game seed: 7706401442994620093

198 Goreval the Conjurer (level 5, -3/42 HPs)
             Began as a Draconian Conjurer on Sept 16, 2020.
             Shot with an arrow by a centaur (9 damage)
             ... on level 3 of the Dungeon.
             The game lasted 00:05:33 (3852 turns).

Goreval the Conjurer (Draconian Conjurer)           Turns: 3852, Time: 00:05:34

Health: -3/42      AC:  6    Str: 10    XL:     5   Next: 47%
Magic:  9/9        EV: 12    Int: 16    God:
Gold:   102        SH:  0    Dex: 12    Spells: 4/10 levels left

rFire    . . .     SeeInvis .   (no weapon)
rCold    . . .     Gourm    .   (no shield)
rNeg     . . .     Faith    .   (armour unavailable)
rPois    .         Spirit   .   (helmet restricted)
rElec    .         Reflect  .   k - +0 cloak
rCorr    .         Harm     .   (no gloves)
MR       .....                  (no boots)
Stlth    ++........             (no amulet)
HPRegen  0.14/turn              (no ring)
MPRegen  0.11/turn              (no ring)

@: about to teleport
A: unfitting armour, cold-blooded, AC +5
a: no special abilities


You were on level 3 of the Dungeon.
You were not hungry.

You visited 1 branch of the dungeon, and saw 4 of its levels.

You collected 102 gold pieces.

Inventory:

Missiles
 c - 112 stones (quivered)
Armour
 k - a +0 cloak (worn)
Scrolls
 a - a scroll of magic mapping
 d - a scroll of remove curse
 e - 5 scrolls of identify
 f - 2 scrolls of amnesia
Potions
 g - a potion of degeneration {unknown}
 h - 3 potions of curing {unknown}
 i - 4 potions of flight {unknown}
 j - a potion of lignification {unknown}
 n - a potion of stabbing {unknown}
Comestibles
 b - 7 rations
 l - 3 chunks of flesh


   Skills:
 + Level 2.3 Fighting
 - Level 2.0 Dodging
 - Level 2.0 Stealth
 + Level 3.1 Spellcasting
 * Level 5.5 Conjurations


You had 4 spell levels left.
You knew the following spells:

 Your Spells              Type           Power        Failure   Level  Hunger
a - Magic Dart            Conj           ###.         1%          1    None
b - Searing Ray           Conj           ###...       3%          2    ##.....
c - Dazzling Flash        Conj/Hex       ##....       19%         3    ###....

Your spell library contained the following spells:

 Spells                   Type           Power        Failure   Level  Hunger
 Fulminant Prism          Conj/Hex       ##........   52%         4    ####...
 Iskenderun's Mystic Bla  Conj/Tloc      ##......     52%         4    ####...


Dungeon Overview and Level Annotations

Branches:
Dungeon (4/15)
 Temple: D:4-7

Altars:
Elyvilon
Zin

Shops:
D:2 *


Innate Abilities, Weirdness & Mutations

Your plain brown scales are hard. (AC +5)
You cannot fit into any form of body armour.
You are cold-blooded and may be slowed by cold attacks.


Message History

f - 2 scrolls of amnesia The centaur shoots an arrow.
The arrow hits you but does no damage.
The centaur shoots an arrow.
The arrow closely misses you.
The centaur shoots an arrow.
The arrow hits you.
* * * LOW HITPOINT WARNING * * *
You see here an arrow.
As you read the scroll labeled GOMODGH OGHIOTA, it crumbles to dust.
You feel blessed for a moment.
It was a scroll of remove curse.
As you read the scroll labeled VERIGIA ZEPN, it crumbles to dust.
You feel aware of your surroundings.
You sensed 3 altars.
It was a scroll of magic mapping.
As you read the scroll labeled URUSMU LEOSYLI, it crumbles to dust.
You feel strangely unstable.
It was a scroll of teleportation.
The centaur shoots an arrow.
The arrow hits you!
* * * LOW HITPOINT WARNING * * *
Found 22 stones.
You see here an arrow.
The centaur shoots an arrow.
The arrow hits you!
You die...

,,,,,,<,,,,,,,,,,,,....,(........
,,,,,,,,,,,,,,,,**,...#**###....#
,,,,,,,,,,*****,,,,...,,,,*#....#
,,,,,,,,,,* ****##.#***,*###.##
,,,,,,,,,*** #..# *.####..#
*,,,,,,,,,,** ##..# #........
***,,**+**,,** ###.(c# #####.#..
**,,**≈,≈**,,**#.(.#.# #.[..
*,,**≈≈,≈≈**,,*#@###(# ####.
,,**≈≈,,,≈≈*#....# #.# #.
,,**≈,,,,,≈*#...## #(# #.
,**8_,,_,,_8##..* #.# ########
,******8*****#.(* #.# #....... ,*
*,*****,* #.#* #c# #.......
,***,,* *,,*##)* ##.# #.......
,,**,,***,,##..####..### #####.##
,,,**,,*,,*#......(....# #.....##


You could see a centaur.

Vanquished Creatures
  A hound (D:2)
  Jessica (D:2)
  Robin (D:2)
  A gnoll (D:1)
  2 adders (D:2)
  A worm (D:2)
  2 dart slugs (D:3)
  2 leopard geckos
  An orc (D:3)
  A ball python (D:1)
  3 giant cockroaches
  15 goblins
  9 hobgoblins
  9 jackals
  A quokka (D:3)
  11 bats
  4 frilled lizards
  12 kobolds
  12 rats
89 creatures vanquished.

Notes
Turn   | Place    | Note
-------+----------+-------------------------------------------
     0 | D:1      | Goreval the Draconian Conjurer began the quest for the Orb.
     0 | D:1      | Reached XP level 1. HP: 14/14 MP: 3/3
   159 | D:1      | Reached XP level 2. HP: 13/20 MP: 0/5
   406 | D:1      | Learned a level 2 spell: Searing Ray
   935 | D:1      | Reached XP level 3. HP: 26/27 MP: 0/6
   999 | D:1      | Learned a level 3 spell: Dazzling Flash
  1267 | D:1      | Reached skill level 1 in Fighting
  1631 | D:2      | Noticed Robin
  1741 | D:2      | Killed Robin
  1850 | D:2      | Noticed Jessica
  1861 | D:2      | Reached XP level 4. HP: 35/35 MP: 4/7
  2205 | D:2      | Found a white marble altar of Elyvilon.
  2387 | D:2      | Reached skill level 5 in Conjurations
  2545 | D:2      | Found Zin's Purification Station.
  2547 | D:2      | Found a glowing silver altar of Zin.
  3045 | D:2      | Killed Jessica
  3045 | D:2      | Reached XP level 5. HP: 41/41 MP: 5/9
  3831 | D:3      | Noticed a centaur
  3852 | D:3      | Shot with an arrow by a centaur

Illustrated notes

Levels and vault maps discovered:
D:1:      wander_arrival_chamber, layout_loops_ring
D:2:      layout_basic, zin_purify, nicolae_overflow_crystal_walls,
          first_ration, glass_columns_b, uniq_jessica, uniq_robin
D:3:      layout_rooms, gammafunk_temple_overflow_claw, minmay_starry_boxes
D:4:      layout_rooms, xom_butterflies, grunt_qazlal_clouds

Skill      XL: |  1  2  3  4 |
---------------+-------------+-----
Dodging        | 2 |  2.0
Stealth        | 2 |  2.0
Fighting       | 1 2 |  2.3
Conjurations   | 5 |  5.5
Spellcasting   | 3 |  3.1

Action                   |  1- 3 |  4- 6 || total
-------------------------+-------+-------++-------
Melee: Unarmed           |    34 |       ||    34
       Tailslap          |     1 |       ||     1
 Cast: Magic Dart        |    90 |   104 ||   194
       Searing Ray       |     1 |     2 ||     3
  Use: Scroll            |       |     4 ||     4
  Eat: Chunk             |     4 |     3 ||     7
       Ration            |       |     1 ||     1
Armor: Skin              |    35 |     4 ||    39
Dodge: Dodged            |    72 |    13 ||    85
